 Dungeon Crawl Stone Soup version 0.31-a0-486-g8d68a81214 (webtiles) character file.

Game seed: 16371308127865399173

20078 RepHenryClay the Destroyer (level 12, -8/59 HPs)
             Began as a Deep Elf Conjurer on Aug 7, 2023.
             Was an Elder of Vehumet.
             Mangled by an orc knight
             ... wielding a +0 long sword
              (21 damage)
             ... on level 2 of the Orcish Mines.
             The game lasted 00:32:21 (16551 turns).

RepHenryClay the Destroyer (Deep Elf Conjurer)     Turns: 16551, Time: 00:32:21

Health: -8/59      AC:  8    Str:  4    XL:     12   Next: 42%
Magic:  31/38      EV: 27    Int: 30    God:    Vehumet [****..]
Gold:   818        SH:  0    Dex: 15    Spells: 12/34 levels left

rFire   + . .        a - staff of poison
rCold   . . .        (no shield)
rNeg    + . .        y - +0 robe
rPois   +            N - +0 helmet
rElec   .            C - +1 cloak of Starlight {*Dazzle EV+4 Stlth--}
rCorr   .            c - +1 pair of gloves "Nyuf" {Int+3 Dex+5}
SInv    .            d - +0 pair of boots
Will    +....        (no amulet) Stlth
                     G - ring of Wuniacai {rPois rF+ rN+ MP+9 Dex-5}
HPRegen 0.29/turn    B - +5 ring of evasion
MPRegen 0.26/turn

%: no passive effects
@: no status effects
A: no striking features
a: Renounce Religion


You were on level 2 of the Orcish Mines.
You worshipped Vehumet.
Vehumet was greatly pleased with you.
You visited 3 branches of the dungeon, and saw 15 of its levels.

You collected 818 gold pieces.

Inventory:

Missiles
 g - a throwing net
Armour
 c - the +1 pair of gloves "Nyuf" (worn) {Int+3 Dex+5}
   (You acquired it on level 8 of the Dungeon)

   Int:       It affects your intelligence (+3).
   Dex:       It affects your dexterity (+5).
 d - a +0 pair of boots (worn)
 y - a +0 robe (worn)
 C - the +1 cloak of Starlight (worn) {*Dazzle EV+4 Stlth--}
   (You acquired it on level 8 of the Dungeon)

   *Dazzle:   It may blind those who miss an attack against the wearer in melee
   combat.
   EV:        It affects your evasion (+4).
   Stlth:     It makes you much less stealthy.
 N - a +0 helmet (worn)
Magical Staves
 a - a staff of poison (weapon)
 I - a staff of earth
Jewellery
 o - a +4 ring of protection
 r - a +4 ring of protection
 z - a ring of protection from cold
 A - the ring of Trepidation {Ice rCorr}
   (You took it off Robin on level 3 of the Dungeon)

   [ring of ice]

   It enhances your ice magic.
   rF:        It makes you vulnerable to fire.
   rC:        It protects you from cold.
   rCorr:     It protects you from acid and corrosion.
 B - a +5 ring of evasion (right hand)
 G - the ring of Wuniacai (left hand) {rPois rF+ rN+ MP+9 Dex-5}
   (You took it off Frances on level 12 of the Dungeon)

   [ring of protection from fire]

   Dex:       It affects your dexterity (-5).
   rF:        It protects you from fire.
   rPois:     It protects you from poison.
   rN:        It protects you from negative energy.
   MP:        It affects your magic capacity (+9).
 H - a ring of resist corrosion
 O - a ring of protection from fire
 Q - a ring of willpower
Wands
 v - a wand of polymorph (11)
 F - a wand of charming (4)
 J - a wand of roots (6)
 M - a wand of mindburst (13)
Scrolls
 f - 2 scrolls of blinking {unknown}
 i - a scroll of noise {unknown}
 j - 2 scrolls of amnesia
 k - 2 scrolls of fog {unknown}
 l - a scroll of summoning {unknown}
 p - 3 scrolls of enchant armour {unknown}
 q - 4 scrolls of poison {unknown}
 s - 2 scrolls of torment {unknown}
 t - a scroll of brand weapon {unknown}
 w - 2 scrolls of teleportation
 x - 2 scrolls of revelation
 K - 2 scrolls of fear {unknown}
 L - a scroll of immolation {unknown}
 P - 3 scrolls of identify {@r1}
 T - 3 scrolls of enchant weapon {unknown}
Potions
 b - a potion of magic
 e - 2 potions of mutation
 h - a potion of haste
 m - a potion of might
 n - 3 potions of ambrosia
 u - 2 potions of degeneration
 D - 5 potions of curing
 E - a potion of berserk rage {unknown}
 R - a potion of invisibility {unknown}
 S - a potion of brilliance {unknown}
 U - a potion of lignification {unknown}


   Skills:
 - Level 12.0 Dodging
 - Level 3.1 Stealth
 + Level 11.7 Spellcasting
 - Level 12.2 Conjurations
 - Level 5.0 Translocations
 - Level 5.0 Ice Magic
 + Level 8.1 Air Magic
 - Level 7.0 Poison Magic


You had 12 spell levels left.
You knew the following spells:

 Your Spells              Type           Power      Damage    Failure   Level
a - Magic Dart            Conj           100%       1d8       0%          1
b - Searing Ray           Conj           100%       2d8       1%          2
c - Iskenderun's Mystic   Conj/Tloc      62%        2d13      1%          4
d - Poisonous Vapours     Pois/Air       100%       N/A       1%          2
e - Mephitic Cloud        Conj/Pois/Air  83%        N/A       1%          3
f - Freezing Cloud        Conj/Ice/Air   31%        6-21      1%          5
g - Arcjolt               Conj/Air       34%        1d44      1%          5

Your spell library contained the following spells:

 Spells                   Type           Power      Damage    Failure   Level
 Freeze                   Ice            100%       1d10      1%          1
 Lesser Beckoning         Tloc           94%        N/A       1%          2
 Dazzling Flash           Conj/Hex       100%       N/A       1%          3
 Frozen Ramparts          Ice            94%        1d15      1%          3
 Gell's Gravitas          Tloc           47%        N/A       1%          3
 Hailstorm                Conj/Ice       62%        3d13      1%          3
 Teleport Other           Tloc           47%        N/A       1%          3
 Fulminant Prism          Conj/Hex       26%        3d14      1%          4
 Necrotise                Necr           68%        1d7       3%          1
 Slow                     Hex            68%        N/A       3%          1
 Confusing Touch          Hex            17%        N/A       9%          3
 Vampiric Draining        Necr           17%        2d7       9%          3
 Agony                    Necr           17%        N/A       63%         5


Dungeon Overview and Level Annotations

Branches:
Dungeon (12/15)            Temple (1/1) D:6            Lair (0/5) D:9
    Orc (2/2) D:12            Elf (0/3) Orc:2

Altars:
Ashenzari
Cheibriados
Dithmenos
Elyvilon
Fedhas
Gozag
Hepliaklqana
Kikubaaqudgha
Makhleb
Nemelex Xobeh
Okawaru
Qazlal
Ru
Sif Muna
Trog
Uskayaw
Vehumet
Wu Jian
Xom
Yredelemnul
Zin
The Shining One

Shops:
Orc:2 *:

Annotations:
D:5 1 runed translucent door
D:12 2 transporters, Qeosuut's ghost, journeyman DEHW


Message History

The stinking cloud engulfs you but does no damage.
The stinking cloud engulfs the fungus but does no damage.
The stinking cloud engulfs the troll but does no damage.
The stinking cloud engulfs the orc knight but does no damage.
The stinking cloud engulfs the orc warrior but does no damage.
You hear a shout! x7; You hear a howl!
The orc warrior is engulfed in noxious fumes.
The orc warrior misses you.
The troll is engulfed in noxious fumes.
The troll bites you. The troll claws you but does no damage.
The troll completely misses you.
The orc knight is engulfed in noxious fumes.
Damage: -6%(-4hp) hp: 67%(39hp)
Casting: Mephitic Cloud (safe; 1% risk of failure)
Confirm with . or Enter, or press ? or * to list all spells.
Electricity surges outward!
The troll is struck by an electric surge!!
The troll is severely wounded.
The orc warrior is struck by an electric surge.
The orc warrior is lightly wounded.
The orc knight is struck by an electric surge!!
The orc knight is moderately wounded.
The fungus is struck by an electric surge!
The fungus begins to die.
The fungus is lightly damaged.
The orc wizard is struck by an electric surge!!
You kill the orc wizard!
Vehumet accepts your kill.
You feel your power returning.
The orc warrior is engulfed in noxious fumes.
The orc warrior appears confused.
The orc warrior closely misses the troll.
The troll is engulfed in noxious fumes.
The troll bites you!
* * * LOW HITPOINT WARNING * * *
The troll closely misses you. The troll completely misses you.
The orc priest invokes the aid of Beogh against you.
Beogh smites you!
* * * LOW HITPOINT WARNING * * *
The orc knight is engulfed in noxious fumes.
The orc knight hits you with a +0 long sword!!
You die...

**,,,,,*,,,,,,**,,,,,,,,,,,,*
**,*,,,,**,*,...#......,,,,,,**
*,,,,,,******..........,,,,,,,**
**,,,*** ###.......#,,,,,,,,,**
**,,,* **........##***,,,,,,,,
*,,,** **,,<.......# *,,,,,,,,,
**,** *,###.)....#######,,,,,,
*** **#.........###o#.,,,,,,
**#..@To..####..$,,,,,,
*##.#..o§§....##...,,,,,*
***#......P☼☼....#....,,,***
*,,..........o........,*,*
**,,..................$,***
****,,,.P.................**
*,,,,,,....8..............**
***,,,,,,......∩...P........,*
**,,,,,,,,...................,***


You could see an orc knight, a troll, an orc warrior (confused) and an orc
priest.

Vanquished Creatures
  Frances (D:12)
  Josephine (D:11)
  2 two-headed ogres
  2 deep elf pyromancers (D:12)
  2 manticores (D:12)
  An ugly thing (D:12)
  3 cyclopes (D:12)
  An unseen horror (D:11)
  2 gargoyles
  Psyche (D:11)
  A rime drake (D:9)
  A komodo dragon (D:10)
  A hornet (D:11)
  4 slime creatures (D:12)
  5 wraiths
  16 yaks
  5 humans (D:6)
  2 basilisks
  2 steam dragons
  13 vampire mosquitoes
  A warg (Orc:1)
  3 acid dragons
  4 water moccasins
  Duvessa (D:6)
  A black bear (D:4)
  5 ice beasts
  12 orc warriors
  2 sky beasts
  2 wolves (D:9)
  4 ogres
  A centaur (D:10)
  A phantom (D:6)
  6 bullfrogs
  5 kobold brigands
  6 scorpions (D:5)
  Dowan (D:6)
  10 killer bees
  An electric eel (D:10)
  4 howler monkeys
  2 hounds
  3 orc priests
  2 gnoll boudas
  A sleepcap (D:7)
  6 orc wizards
  An iguana (D:7)
  Robin (D:3)
  10 adders
  9 gnolls
  2 white imps
  An ufetubus (D:6)
  A worm (D:3)
  4 dart slugs
  42 orcs
  11 bats
  10 endoplasms
  6 giant cockroaches
  13 goblins
  8 hobgoblins
  5 jackals (D:2)
  33 kobolds
  6 quokkas
  4 ball pythons
  6 frilled lizards
  4 rats
  A butterfly (D:5)
328 creatures vanquished.

Notes
Turn   | Place    | Note
-------+----------+-------------------------------------------
     0 | D:1      | RepHenryClay the Deep Elf Conjurer began the quest for the
                  | Orb.
     0 | D:1      | Reached XP level 1. HP: 10/10 MP: 6/6
  1024 | D:2      | Reached XP level 2. HP: 15/15 MP: 5/8
  1302 | D:2      | Reached XP level 3. HP: 18/19 MP: 1/10
  1402 | D:2      | Learned a level 2 spell: Searing Ray
  1503 | D:2      | Reached skill level 5 in Conjurations
  1929 | D:2      | Found a white marble altar of Elyvilon.
  1968 | D:2      | Reached XP level 4. HP: 24/24 MP: 9/11
  2492 | D:3      | Learned a level 4 spell: Iskenderun's Mystic Blast
  2559 | D:3      | Noticed Robin
  2640 | D:3      | Learned a level 2 spell: Poisonous Vapours
  2750 | D:3      | Found a snail-covered altar of Cheibriados.
  2833 | D:3      | Identified the ring of Trepidation {Ice rCorr}
  2858 | D:3      | Killed Robin
  2933 | D:3      | Reached XP level 5. HP: 28/28 MP: 10/12
  3588 | D:4      | Reached skill level 1 in Poison Magic
  3625 | D:4      | Reached skill level 1 in Air Magic
  3796 | D:4      | Found a glowing golden altar of the Shining One.
  3798 | D:4      | You fall into a shaft and drop 1 floor!
  3798 | D:5      | Entered Level 5 of the Dungeon
  3809 | D:5      | Noticed a sky beast
  3824 | D:5      | Noticed a water moccasin
  3830 | D:4      | Killed a water moccasin
  3831 | D:4      | Reached XP level 6. HP: 28/32 MP: 8/15
  3979 | D:4      | Reached skill level 5 in Spellcasting
  4043 | D:4      | Found a stormy altar of Qazlal.
  4427 | D:5      | Learned a level 3 spell: Mephitic Cloud
  4635 | D:5      | Reached XP level 7. HP: 21/36 MP: 7/17
  5205 | D:5      | Found a runed translucent door.
  5207 | D:5      | Found a runed translucent door.
  5207 | D:5      | Noticed a vampire mosquito
  5208 | D:5      | Noticed a vampire mosquito
  5923 | D:5      | Reached XP level 8. HP: 26/41 MP: 7/20
  5925 | D:5      | Reached skill level 5 in Poison Magic
  6058 | D:6      | Noticed Dowan
  6059 | D:6      | Noticed Duvessa
  6093 | D:6      | Killed Dowan
  6165 | D:6      | Killed Duvessa
  6169 | D:6      | Reached skill level 5 in Air Magic
  8026 | D:6      | Found a staircase to the Ecumenical Temple.
  8092 | Temple   | Entered the Ecumenical Temple
  8144 | Temple   | Became a worshipper of Vehumet
  8206 | D:6      | Reached XP level 9. HP: 40/45 MP: 14/24
  9221 | D:7      | Reached skill level 5 in Dodging
  9371 | D:7      | Found a burning altar of Makhleb.
 10140 | D:8      | Reached * piety under Vehumet
 10140 | D:8      | Offered knowledge of Shock by Vehumet.
 10331 | D:8      | Identified 2 scrolls of acquirement
 10333 | D:8      | Acquired the +1 pair of gloves "Nyuf" {Int+3 Dex+5}
 10346 | D:8      | Acquired the +1 cloak of Starlight {*Dazzle EV+4 Stlth--}
 10346 | D:8      | Found the +1 cloak of Starlight {*Dazzle EV+4 Stlth--}
 10905 | D:9      | Reached XP level 10. HP: 50/50 MP: 16/25
 11295 | D:9      | Offered knowledge of Momentum Strike by Vehumet.
 11297 | D:9      | Reached ** piety under Vehumet
 11618 | D:9      | Found a staircase to the Lair.
 11828 | D:9      | Found a sparkling altar of Nemelex Xobeh.
 11897 | D:10     | Entered Level 10 of the Dungeon
 12120 | D:10     | Found an ancient bone altar of Kikubaaqudgha.
 12120 | D:10     | Found a glowing silver altar of Zin.
 12167 | D:10     | Reached skill level 10 in Conjurations
 12314 | D:10     | Offered knowledge of Ignite Poison by Vehumet.
 12460 | D:10     | Noticed a two-headed ogre
 12467 | D:10     | Killed a two-headed ogre
 12468 | D:10     | Reached skill level 10 in Dodging
 12929 | D:11     | Noticed a two-headed ogre
 12929 | D:11     | Noticed Josephine
 12961 | D:9      | Reached *** piety under Vehumet
 12962 | D:9      | Reached XP level 11. HP: 54/54 MP: 4/26
 13470 | D:11     | Killed a two-headed ogre
 13699 | D:11     | Killed Josephine
 13946 | D:11     | Offered knowledge of Volatile Blastmotes by Vehumet.
 14059 | D:11     | Reached skill level 1 in Translocations
 14173 | D:11     | Found an opulent altar of Gozag.
 14177 | D:11     | Noticed Psyche
 14185 | D:11     | Killed Psyche
 14848 | D:12     | Noticed a deep elf pyromancer
 14852 | D:12     | Reached skill level 5 in Translocations
 14856 | D:12     | Identified the ring of Wuniacai {rPois rF+ rN+ MP+9 Dex-5}
 14856 | D:12     | Noticed Frances
 14860 | D:12     | Killed a deep elf pyromancer
 14932 | D:12     | Noticed a deep elf pyromancer
 14933 | D:12     | Noticed Qeosuut's ghost (journeyman DEHW)
 14933 | D:12     | Found a transporter.
 14933 | D:12     | Noticed a shadow dragon
 14933 | D:12     | Noticed a fire dragon
 14945 | D:11     | Learned a level 5 spell: Freezing Cloud
 14990 | D:12     | Reached skill level 1 in Ice Magic
 15024 | D:12     | Noticed a boulder beetle
 15062 | D:12     | Found a staircase to the Orcish Mines.
 15066 | D:12     | Reached **** piety under Vehumet
 15084 | D:12     | Offered knowledge of Arcjolt by Vehumet.
 15200 | D:12     | Found a transporter.
 15202 | D:12     | Noticed a deep elf pyromancer
 15206 | D:12     | Killed a deep elf pyromancer
 15207 | D:12     | Reached XP level 12. HP: 59/59 MP: 17/27
 15211 | D:12     | Reached skill level 5 in Ice Magic
 15217 | D:12     | Learned a level 5 spell: Arcjolt
 15225 | D:12     | Reached skill level 10 in Spellcasting
 15724 | D:12     | Found a transporter.
 15806 | D:12     | Found a transporter.
 15854 | D:12     | Found a staircase to the Orcish Mines.
 15901 | D:12     | Killed Frances
 16108 | D:12     | Noticed an anaconda
 16113 | D:12     | an anaconda changed into a bunyip
 16113 | D:12     | Noticed a bunyip (shapeshifter)
 16170 | Orc:1    | Entered Level 1 of the Orcish Mines
 16323 | Orc:1    | You fall into a shaft and drop 1 floor!
 16323 | Orc:2    | Entered Level 2 of the Orcish Mines
 16323 | Orc:2    | Noticed an orc high priest
 16323 | Orc:2    | Noticed an orc warlord
 16323 | Orc:2    | Found Tessiafe's General Store.
 16326 | Orc:2    | Found Diyrog's Book Shoppe.
 16551 | Orc:2    | Mangled by an orc knight

Illustrated notes

Levels and vault maps discovered:
D:1:      eino_arrival_water_star, layout_rooms, serial_co_window_serial,
          co_window_of_opportunity_a, co_window_paths_a, co_window_corner_a,
          co_window_corner_a, co_window_corner_a, co_window_broadway_c,
          co_window_2corner, co_window_2corner, co_window_broadway_b,
          co_window_4corner_b, glass_columns_b, glass_columns_a,
          glass_columns_b, glass_columns_a, glass_columns_b
D:2:      cheibrodos_old_hovel, layout_rooms, basic_altar, solitary_fountain,
          minmay_nonomino_d4
D:3:      minmay_chambers_of_threes, layout_basic, slow_altar_2,
          hangedman_decor_push, uniq_robin
D:4:      layout_loops_ring, lemuel_crystal_altar, kennysheep_mini,
          minivault_25, kennysheep_diamond
D:5:      lemuel_insect_pit, layout_layer_cave
D:6:      layout_layer_cave, minmay_temple_entry_glassed_door,
          small_statue_intersection, minmay_ruffians, uniq_duvessa
D:7:      layout_cave_pools, bloody_makhleb
D:8:      layout_loops_cross
D:9:      layout_basic, lemuel_tele_altar, hellmonk_lair_entry_icy,
          kennysheep_minor_cross
D:10:     layout_long_grid, nicolae_overflow_two_pavilions
D:11:     layout_gridville, grunt_gozag_breadcrumbs, uniq_psyche, uniq_josephine
D:12:     layout_rooms, david_orc_5, gammafunk_ghost_arena, uniq_frances
Temple:   regret_index_temple_waves
Orc:1:    layout_diamond_mine, serial_shops, shop
Orc:2:    grunt_orc_gardens, layout_diamond_mine, grunt_orc_garden,
          grunt_orc_garden, grunt_orc_garden, grunt_orc_garden

Skill      XL: |  1  2  3  4  5  6  7  8  9 10 11 12 |
---------------+-------------------------------------+-----
Stealth        | 3 |  3.1
Dodging        | 3 7 10 12 | 12.0
Conjurations   | 5 6 8 10 12 | 12.2
Spellcasting   | 4 5 7 9 11 | 11.7
Poison Magic   | 2 3 4 6 7 |  7.0
Air Magic      | 1 3 4 6 8 |  8.1
Translocations | 5 |  5.0
Ice Magic      | 4 5 |  5.0

Action                     |  1- 3 |  4- 6 |  7- 9 | 10-12 || total
---------------------------+-------+-------+-------+-------++-------
  Melee: Unarmed           |     3 |     5 |       |       ||     8
         Staff             |       |     1 |     9 |   119 ||   129
   Cast: Magic Dart        |    71 |   103 |    63 |    44 ||   281
         Searing Ray       |     1 |    10 |    37 |    42 ||    90
         Poisonous Vapours |       |       |    35 |    46 ||    81
         Mephitic Cloud    |       |       |     7 |    11 ||    18
         Iskenderun's Myst |       |       |     5 |    50 ||    55
         Freezing Cloud    |       |       |       |    10 ||    10
         Arcjolt           |       |       |       |    23 ||    23
  Evoke: Wand              |       |       |     1 |     6 ||     7
    Use: Scroll            |       |       |    14 |     2 ||    16
         Potion            |       |       |       |     1 ||     1
   Stab: Confused          |       |       |     1 |     9 ||    10
         Invisible         |       |       |       |     3 ||     3
 Armour: Robe              |     8 |    16 |    50 |    33 ||   107
  Dodge: Dodged            |    20 |    24 |    84 |   334 ||   462

Table legend: (Time is in decaauts)
 A = Elapsed time spent in this place.
 B = Non-inter-level travel time spent in this place.
 C = Inter-level travel time spent in this place.
 D = Time resting spent in this place.
 E = Time spent auto-exploring this place.
 F = Levels seen in this place.
 G = Mean time per level.
                   A        B        C        D        E       F      G
               +--------+--------+--------+--------+--------+-----+--------+
         Total |  16586 |  15937 |    649 |   1461 |  12438 |  15 | 1105.7 |
       Dungeon |  16024 |  15482 |    542 |   1322 |  12188 |  12 | 1335.3 |
        Temple |    177 |     71 |    106 |     67 |      0 |   1 |  177.0 |
  Orcish Mines |    384 |    384 |      0 |     72 |    250 |   2 |  192.0 |
               +--------+--------+--------+--------+--------+-----+--------+

Top non-repeatable levels by time:
     D:5: 2973 daAuts
     D:6: 1636 daAuts
    D:11: 1413 daAuts
    D:12: 1407 daAuts
     D:9: 1327 daAuts
    D:10: 1259 daAuts
     D:3: 1221 daAuts
     D:1: 1088 daAuts
     D:4: 1081 daAuts
     D:2: 998 daAuts
     D:7: 880 daAuts
     D:8: 735 daAuts
   Orc:1: 369 daAuts
  Temple: 177 daAuts
   Orc:2: 14 daAuts
